 Dungeon Crawl Stone Soup version 0.30-a0-709-gcdc1b43e22 (webtiles) character file.

Game seed: 2493513719224661717

130 CrazyBamboolord the Sneak (level 5, -3/31 HPs)
             Began as a Kobold Brigand on Jan 22, 2023.
             Killed from afar by an orc wizard (5 damage)
             ... with a puff of flame
             ... on level 2 of the Dungeon.
             The game lasted 00:04:49 (2610 turns).

CrazyBamboolord the Sneak (Kobold Brigand)          Turns: 2610, Time: 00:04:49

Health: -3/31      AC:  5    Str:  9    XL:     5   Next: 36%
Magic:  5/5        EV: 15    Int: 12    God:
Gold:   199        SH:  0    Dex: 18    Spells: 4/4 levels left

rFire   . . .      SeeInvis .    o - +2 dagger (speed)
rCold   + . .      Faith    .    (no shield)
rNeg    . . .      Spirit   .    b - +0 robe
rPois   .          Reflect  .    h - +0 hat
rElec   .          Harm     .    f - +1 cloak
rCorr   .          Rampage  .    u - +0 pair of gloves
Will    .....                    (no boots)
Stlth   +++++                    (no amulet)
HPRegen 0.25/turn                g - ring of protection from cold
MPRegen 0.09/turn                (no ring)

@: no status effects
A: small, no large weapons, nightstalker 3
a: no special abilities


You were on level 2 of the Dungeon.
You visited 1 branch of the dungeon, and saw 4 of its levels.

You collected 199 gold pieces.

Inventory:

Hand Weapons
 a - a +2 dagger of freezing
 o - a +2 dagger of speed (weapon)
 t - a +2 dagger of venom
Missiles
 d - 11 poisoned darts (quivered)
 e - 3 curare-tipped darts
Armour
 b - a +0 robe (worn)
 f - a +1 cloak (worn)
 h - a +0 hat (worn)
 u - a +0 pair of gloves (worn)
Jewellery
 g - a ring of protection from cold (left hand)
Scrolls
 i - 3 scrolls of teleportation
 l - a scroll of vulnerability {unknown}
 m - a scroll of poison {unknown}
 n - 2 scrolls of brand weapon
 p - a scroll of acquirement {unknown}
 r - a scroll of fog {unknown}
 v - a scroll of identify
Potions
 c - 2 potions of mutation
 k - a potion of cancellation
 q - a potion of haste


   Skills:
 * Level 2.7 Fighting
 * Level 4.5 Short Blades
 + Level 2.2 Throwing
 * Level 2.4 Dodging
 + Level 6.8 Stealth


You had 4 spell levels left.
You didn't know any spells.
Your spell library contained the following spells:

 Spells                   Type           Power      Damage    Failure   Level
 Freeze                   Ice            0%         1d3       32%         1
 Frozen Ramparts          Ice            0%         1d1       69%         3
 Hailstorm                Conj/Ice       0%         3d3       69%         3
 Fireball                 Conj/Fire      0%         3d3       100%        5
 Iskenderun's Battlesphe  Conj           0%         2d6       100%        5
 Conjure Ball Lightning   Conj/Air       0%         3x3d6     100%        6
 Orb of Destruction       Conj           0%         9d5       100%        7


Dungeon Overview and Level Annotations

Branches:
Dungeon (4/15)
 Temple: D:4-7

Altars:
Fedhas


Innate Abilities, Weirdness & Mutations

You are small and have problems with some larger weapons.
You are completely attuned to the shadows.


Message History

You can't go up here!
You can't go up here!
You can't go up here!
You can't go up here!
You can't go up here!
You can't go up here!
You can't go up here!
You can't go up here!
You can't go up here!
You can't go up here!
You can't go up here!
You can't go up here!
You can't go up here!
You can't go up here!
You can't go up here!
You can't go up here!
You can't go up here!
You can't go up here!
You can't go up here!
You can't go up here!
You can't go up here!
You can't go up here!
You can't go up here!
You can't go up here!
You can't go up here!
You can't go up here!
You can't go up here!
As you read the scroll labelled YRPHO VOOMO, it crumbles to dust.
You feel a surge of unholy energy.
The orc convulses!
Something is bathed in an unholy light!
It was a scroll of torment.
The orc hits you but does no damage.
Something hits you but does no damage. x2
Really read the scroll of torment?
As you read the scroll of torment, it crumbles to dust.
You feel a surge of unholy energy.
The orc convulses!
Something is bathed in an unholy light!
The orc misses you. Something hits you but does no damage.
You hear some strange, mumbled words.
A puff of flame appears from out of thin air!
The puff of flame hits you.
You die...

#..................# #.....
#........########### #.....
#...........# #.†...
#...........#### ###...
#..............# #...
#####+##........# #...
#......#........# #...
#......#...{....########
#...
#..........o@..........#
##..
##..........{..........# #..
#.....................# #..
#.....................####..
#.......................####
#.......................#
####...#....).####......#
#)..#.......# #......#
#...#.....#.# #......#


You could see an orc.

Vanquished Creatures
  4 adders
  A worm (D:2)
  3 dart slugs
  8 orcs
  9 ball pythons
  7 endoplasms
  2 giant cockroaches
  4 goblins
  8 hobgoblins
  7 quokkas
  8 bats
  3 frilled lizards (D:1)
  5 kobolds
  2 rats
71 creatures vanquished.

Notes
Turn   | Place    | Note
-------+----------+-------------------------------------------
     0 | D:1      | CrazyBamboolord the Kobold Brigand began the quest for the
                  | Orb.
     0 | D:1      | Reached XP level 1. HP: 12/12 MP: 1/1
   123 | D:1      | Reached XP level 2. HP: 13/17 MP: 2/2
   392 | D:1      | Reached skill level 6 in Stealth
   404 | D:1      | Reached XP level 3. HP: 22/22 MP: 3/3
   711 | D:2      | You fall into a shaft and drop 1 floor!
  1120 | D:3      | Reached XP level 4. HP: 27/27 MP: 4/4
  2217 | D:3      | Reached XP level 5. HP: 31/31 MP: 5/5
  2500 | D:3      | Found a blossoming altar of Fedhas.
  2608 | D:2      | HP: 1/31 [something (3)]
  2610 | D:2      | Killed from afar by an orc wizard

Illustrated notes

Levels and vault maps discovered:
D:1:      dpeg_arrival_simpleton_a, layout_basic, serial_forest,
          infiniplex_forest_straight_2, infiniplex_forest_straight_4,
          infiniplex_forest_clump_tiny, infiniplex_forest_lined_2,
          infiniplex_forest_clump_tiny
D:2:      cheibrodos_old_hovel, layout_basic
D:3:      minmay_diamond_boxcup, layout_basic, mainiacjoe_overflow_brackets
D:4:      kennysheep_kobold_camp, layout_cave_pools, patterned_corridor,
          uniq_grinder

Skill      XL: |  1  2  3  4 |
---------------+-------------+-----
Stealth        | 6 |  6.8
Short Blades   | 3 4 |  4.5
Dodging        | 2 |  2.4
Fighting       | |  2.7
Throwing       | |  2.2

Action                     |  1- 3 |  4- 6 || total
---------------------------+-------+-------++-------
  Melee: Dagger            |    77 |   102 ||   179
         Punch             |       |     3 ||     3
  Throw: Dart              |     6 |     2 ||     8
    Use: Scroll            |     3 |     5 ||     8
         Potion            |       |     1 ||     1
   Stab: Sleeping          |    14 |    14 ||    28
         Distracted        |       |     1 ||     1
 Armour: Robe              |    11 |    21 ||    32
  Dodge: Dodged            |    38 |    56 ||    94

Table legend: (Time is in decaauts)
 A = Elapsed time spent in this place.
 B = Non-inter-level travel time spent in this place.
 C = Inter-level travel time spent in this place.
 D = Time resting spent in this place.
 E = Time spent auto-exploring this place.
 F = Levels seen in this place.
 G = Mean time per level.
                   A        B        C        D        E       F      G
               +--------+--------+--------+--------+--------+-----+--------+
         Total |   2540 |   2425 |    115 |    166 |   1830 |   4 |  635.0 |
       Dungeon |   2540 |   2425 |    115 |    166 |   1830 |   4 |  635.0 |
               +--------+--------+--------+--------+--------+-----+--------+

Top non-repeatable levels by time:
     D:3: 918 daAuts
     D:2: 916 daAuts
     D:1: 664 daAuts
     D:4: 41 daAuts
